 Dungeon Crawl Stone Soup version 0.19.5 (webtiles) character file.

1509 equalderp2856 the Gouger (level 8, -3/36 HPs)
             Began as a Felid Fighter on Mar 11, 2017.
             Slain by a gnoll sergeant
             ... wielding a +0 halberd
              (10 damage)
             ... in a bailey.
             The game lasted 00:56:42 (16664 turns).

equalderp2856 the Gouger (Felid Fighter)           Turns: 16664, Time: 00:56:43

Health: -3/36      AC:  2    Str: 13    XL:     8   Next: 53%
Magic:  11/16      EV: 24    Int: 15    God:
Gold:   369        SH:  0    Dex: 18    Spells: 2 memorised, 14 levels left
                                        Lives:  0   Deaths: 2

rFire  . . .     SeeInvis +       - Unarmed
rCold  . . .     Gourm    .     (armour unavailable)
rNeg   . . .     Faith    .     (shield unavailable)
rPois  .         Spirit   .     (helmet unavailable)
rElec  .         Reflect  .     (cloak unavailable)
rCorr  +         Harm     .     (gloves unavailable)
MR     +....                    (boots unavailable)
Stlth  ++++......               (no amulet)
                                x - ring of flight
                                n - ring of resist corrosion

@: brilliant, flying (expiring), quick
A: no armour, no weapons or thrown items, stealth, claws 1, fangs 3, see
invisible, carnivore 3, speed 1, shaggy fur 2, slow metabolism 1, sharp paws
a: Stop Flying


You were in a bailey.
You were not hungry.

You visited 1 branch of the dungeon, and saw 10 of its levels.
You also visited: Bailey.

You collected 369 gold pieces.

Inventory:

Missiles
 v - 121 arrows
Jewellery
 n - a ring of resist corrosion (left paw)
 x - a ring of flight (right paw)
Wands
 o - a wand of confusion (9/48)
 w - a wand of acid (11/15)
Scrolls
 c - a scroll of fog
 d - 4 scrolls of enchant armour
 e - a scroll of amnesia
 g - 4 scrolls of remove curse
 t - 2 scrolls of identify
Potions
 h - 2 potions of cancellation
 j - 4 potions of magic
 l - a potion of agility {unknown}
 m - 2 potions of haste
 p - a potion of mutation {unknown}
 q - a potion of flight {unknown}
Books
 a - the Grimoire of Execration and Attacks
   (You acquired it on level 7 of the Dungeon)

   Spells                             Type                      Level
   a - Sting                          Conjuration/Poison           1
   b - Ensorcelled Hibernation        Hexes/Ice                    2
   c - Sticky Flame                   Conjuration/Fire             4
   d - Lightning Bolt                 Conjuration/Air              5
   e - Silence                        Hexes/Air                    5
   f - Poisonous Cloud                Conjuration/Poison/Air       6
   g - Bolt of Fire                   Conjuration/Fire             6
 k - Vehumet's Papyrus of Arcane Weapons
   (You found it on level 5 of the Dungeon)

   Spells                             Type                      Level
   a - Magic Dart                     Conjuration                  1
Comestibles
 b - 2 meat rations
 f - 6 bread rations


   Skills:
 + Level 4.4 Fighting
 + Level 8.2 Dodging
 + Level 8.8 Stealth
 + Level 9.8 Unarmed Combat
 + Level 5.0 Spellcasting
 + Level 3.5 Conjurations
 + Level 4.2 Hexes
 + Level 3.1 Ice Magic
 + Level 0.2 Evocations


You had 14 spell levels left.
You knew the following spells:

 Your Spells              Type           Power        Failure   Level  Hunger
a - Magic Dart            Conj           ###.         1%          1    None
b - Ensorcelled Hibernat  Hex/Ice        ###...       1%          2    ##.....


Dungeon Overview and Level Annotations

Branches:
Dungeon (10/15)              Lair (0/6) D:8
 Temple: D:4-7          Orc: D:9-12

Altars:
Cheibriados
Elyvilon
Fedhas
Hepliaklqana
Kikubaaqudgha
Makhleb
Okawaru
Qazlal
Sif Muna
Uskayaw
Vehumet
Yredelemnul

Shops:
D:7 *   D:9 (

Annotations:
D:2 Terence
D:3 1 runed door
D:5 Blork the orc
D:6 Dowan, Duvessa, Menkaure


Innate Abilities, Weirdness & Mutations

You cannot wear armour.
You are incapable of wielding weapons or throwing items.
Your paws allow you to move quietly. (Stealth)
You have sharp claws.
You have razor-sharp teeth.
You have supernaturally acute eyesight. (SInv)
You are carnivorous and can eat meat at any time.
You cover ground quickly.
You are covered in thick fur. (AC +2)
You have a slow metabolism.
Your sharp claws are effective at attacking unaware monsters.


Message History

Zapping:
o - a wand of confusion {zapped: 16} (will waste charges)
Press: ? - help, Shift-Dir - straight line, f - gnoll sergeant
Aim: a gnoll sergeant, wielding a +0 halberd and wearing a chain mail (chance to defeat MR: 46%)
The gnoll sergeant resists with some effort.
Evoking this partially-identified wand wasted a few charges.
Careful!
You are starting to lose your buoyancy.
Okay, then.
Okay, then.
Casting: Ensorcelled Hibernation
Confirm with . or Enter, or press ? or * to list all spells.
Okay, then.
Casting: Ensorcelled Hibernation
Confirm with . or Enter, or press ? or * to list all spells.
Aiming: Ensorcelled Hibernation
Press: ? - help, Shift-Dir - straight line, f/p - gnoll sergeant
Aim: a gnoll sergeant, wielding a +0 halberd and wearing a chain mail (chance to defeat MR: 52%)
The gnoll sergeant resists with some effort.
The gnoll sergeant barely misses you.
The gnoll sergeant hits you with a +0 halberd!
You die...

♣♣♣♣♣♣♣♣♣♣♣♣♣♣♣♣♣♣♣
♣≈≈≈≈≈≈≈≈≈≈≈≈≈≈≈≈≈♣♣
≈≈...............≈≈♣
≈.......(......g..≈♣
≈..#####())#####@.≈♣
≈.##.).#...#...##.≈♣
≈##....'...'....##≈♣
≈#....)#(..#.....#≈♣
≈#8...)##'##.g..8#≈♣
≈#....##...##....#≈♣
≈#...##.....##...#≈♣
≈#...#.......#)..#≈♣
≈###+#..$8g..#g..#≈♣


You could see a gnoll sergeant.

Vanquished Creatures
  Pikel (D:6)
  Grinder (D:6)
  A troll (D:8)
  2 hippogriffs (D:7)
  A hungry ghost (D:7)
  2 sky beasts (D:9)
  3 orc warriors
  2 ice beasts
  2 ogres
  2 centaurs (D:8)
  4 bullfrogs
  4 gnoll sergeants (Bailey)
  9 killer bees
  3 scorpions
  2 howler monkeys
  8 crimson imps
  A bullfrog zombie (D:8)
  The ghost of equalderp2856 the Scratcher, a weakling FeFi (D:3)
  4 jellies
  8 hounds
  5 orc priests
  A bullfrog skeleton (D:6)
  2 gnoll shamans (Bailey)
  6 orc wizards
  2 iguanas (D:7)
  4 worker ants
  A hound skeleton (D:5)
  A worker ant zombie (D:7)
  12 gnolls (Bailey)
  6 adders
  2 shadow imps
  An adder skeleton (D:5)
  6 worms
  3 dart slugs
  5 leopard geckos
  22 orcs
  5 giant cockroaches
  10 goblins
  11 hobgoblins
  10 jackals
  3 quokkas
  2 ball pythons
  7 bats
  2 frilled lizards
  2 jackal skeletons
  6 kobolds
  A quokka skeleton (D:6)
  A quokka zombie (D:7)
  11 rats
211 creatures vanquished.

Vanquished Creatures (others)
  A crimson imp (D:6)
  A bullfrog skeleton (D:6)
2 creatures vanquished.

Grand Total: 213 creatures vanquished

Notes
Turn   | Place    | Note
-------+----------+-------------------------------------------
     0 | D:1      | equalderp2856 the Felid Fighter began the quest for the Orb.
     0 | D:1      | Reached XP level 1. HP: 10/10 MP: 2/2
   420 | D:1      | Reached XP level 2. HP: 12/14 MP: 3/3
  1287 | D:2      | Noticed Terence
  1287 | D:2      | Reached XP level 3. HP: 13/17 MP: 4/4
  1448 | D:2      | Reached skill level 1 in Stealth
  1492 | D:2      | Found a basalt altar of Yredelemnul.
  1803 | D:2      | Found a blossoming altar of Fedhas.
  1873 | D:2      | Found a faded altar of an unknown god.
  2254 | D:2      | Found a stormy altar of Qazlal.
  2269 | D:2      | You fall through a shaft!
  2537 | D:4      | Reached skill level 5 in Unarmed Combat
  2537 | D:4      | Reached XP level 4. HP: 9/21 MP: 5/5
  2691 | D:3      | Noticed equalderp2856's ghost (weakling FeFi)
  2898 | D:3      | Reached XP level 5. HP: 10/24 MP: 6/6
  3303 | D:2      | You fall through a shaft!
  3738 | D:3      | Found a runed door.
  4823 | D:4      | Reached skill level 6 in Unarmed Combat
  5167 | D:5      | Entered Level 5 of the Dungeon
  5179 | D:5      | Found a white marble altar of Elyvilon.
  5451 | D:5      | Gained mutation: You are covered in thick fur. (AC +2) [Felid growth]
  5451 | D:5      | Reached XP level 6. HP: 28/28 MP: 7/7
  5488 | D:5      | Noticed an ice beast
  5826 | D:6      | Found a hide-covered altar of Uskayaw.
  5849 | D:6      | Reached skill level 5 in Dodging
  6234 | D:5      | Found a hazy altar of Hepliaklqana.
  6295 | D:5      | Found an ancient bone altar of Kikubaaqudgha.
  6301 | D:5      | Found a radiant altar of Vehumet.
  6317 | D:5      | Found a deep blue altar of Sif Muna.
  6325 | D:5      | Identified Vehumet's Papyrus of Arcane Weapons
  6357 | D:5      | Learned a level 1 spell: Magic Dart
  6457 | D:5      | Reached XP level 7. HP: 28/31 MP: 8/8
  6471 | D:5      | Reached skill level 7 in Unarmed Combat
  6597 | D:5      | Found a burning altar of Makhleb.
  6842 | D:6      | Noticed Blork the orc
  6855 | D:7      | Noticed a hippogriff
  6857 | D:7      | Killed a hippogriff
  6857 | D:7      | Reached skill level 5 in Stealth
  6857 | D:7      | Reached skill level 1 in Conjurations
  6878 | D:7      | Found Nux Quf's Assorted Antiques.
  7493 | D:3      | Killed equalderp2856's ghost
  7493 | D:3      | Reached skill level 1 in Spellcasting
  7548 | D:4      | Reached XP level 8. HP: 8/36 MP: 10/10
  8134 | D:6      | Noticed Pikel
  8496 | D:6      | Noticed Duvessa
  8498 | D:6      | Noticed Dowan
  8723 | D:6      | Killed Pikel
  8723 | D:6      | Reached skill level 8 in Unarmed Combat
  8996 | D:6      | Noticed Menkaure
  9002 | D:6      | Noticed Grinder
  9221 | D:6      | Killed Grinder
  9830 | D:7      | Found a snail-covered altar of Cheibriados.
  9832 | D:7      | Noticed a hippogriff
  9876 | D:7      | Killed a hippogriff
  9917 | D:7      | Reached XP level 9. HP: 33/39 MP: 11/14
  9934 | D:7      | Reached skill level 9 in Unarmed Combat
 10006 | D:7      | Found an iron altar of Okawaru.
 11101 | D:8      | Found a staircase to the Lair.
 11845 | D:7      | Identified a scroll of acquirement
 11845 | D:7      | Identified the Grimoire of Execration and Attacks (You acquired it on level 7 of the Dungeon)
 11852 | D:7      | Learned a level 2 spell: Ensorcelled Hibernation
 12542 | D:8      | Reached skill level 1 in Ice Magic
 12719 | D:8      | Reached skill level 1 in Hexes
 13554 | D:9      | Noticed a troll
 14052 | D:8      | Killed a troll
 14538 | D:9      | HP: 1/39 [killer bee (6)]
 14978 | D:9      | Reached XP level 10. HP: 43/43 MP: 17/17
 15866 | D:9      | Found Jeiniut's Weapon Shoppe.
 15938 | D:10     | Entered Level 10 of the Dungeon
 16001 | D:10     | Found a flagged portal.
 16010 | Bailey   | Entered a bailey
 16099 | Bailey   | HP: 2/43 [gnoll/spear (5)]
 16101 | Bailey   | Slain by a gnoll sergeant
 16102 | Bailey   | Reached XP level 9. HP: -2/39 MP: 15/17
 16290 | Bailey   | Reached skill level 5 in Spellcasting
 16290 | Bailey   | Slain by a gnoll shaman
 16291 | Bailey   | Reached XP level 8. HP: -2/36 MP: 16/16
 16664 | Bailey   | Slain by a gnoll sergeant

Skill      XL: |  1  2  3  4  5  6  7  8  9 10 |
---------------+-------------------------------+-----
Stealth        | 2 3 4 5 6 8 |  8.8
Unarmed Combat | 5 6 7 8 9 |  9.8
Dodging        | 5 6 7 8 |  8.2
Conjurations   | 1 2 3 |  3.5
Spellcasting   | 1 2 5 |  5.0
Fighting       | 4 |  4.4
Ice Magic      | 2 3 |  3.1
Hexes          | 3 4 |  4.2
Evocations     | |  0.2

Action                   |  1- 3 |  4- 6 |  7- 9 | 10-12 || total
-------------------------+-------+-------+-------+-------++-------
Melee: Unarmed           |   134 |   180 |   355 |    25 ||   694
       Bite              |    11 |    12 |    40 |     2 ||    65
       Punch             |     3 |     6 |    16 |     3 ||    28
 Cast: Magic Dart        |       |     1 |   111 |       ||   112
       Ensorcelled Hiber |       |       |    62 |    14 ||    76
 Abil: Evoke Flight      |       |       |     2 |       ||     2
Evoke: Wand              |       |       |     7 |       ||     7
  Use: Scroll            |       |     9 |     9 |       ||    18
       Potion            |       |     2 |     9 |     1 ||    12
 Stab: Sleeping          |     6 |     9 |    21 |    14 ||    50
       Distracted        |       |     2 |       |       ||     2
  Eat: Chunk             |    10 |     5 |     9 |     4 ||    28
       Beef jerky        |       |       |     2 |       ||     2
       Meat ration       |       |       |     1 |       ||     1
Armor: Skin              |    11 |     5 |    12 |     1 ||    29
Dodge: Dodged            |   107 |   127 |   347 |    31 ||   612
